[ AOE2 MATCH · #458094447 ]
UnrankedCumans vs Cumans
Player's team · LOSS
Rival team · WIN
[ REPLAY ANALYSIS · EXTRACTED FROM THE RECORDED GAME ]
Feudal
10:28
Castle
21:11
Imperial
—
| APM avg | 21.3 |
| APM peak | 70 |
| eAPM avg | 9.8 |
| Villagers / military | 89 / 51 |
Focus
⚔️ 29.9% · 🌾 70.1%
Steppe Lancer ×17 · Cavalry Archer ×17 · Camel Scout ×10 · Spearman ×6 · Battering Ram ×1
Feudal
10:51
Castle
25:21
Imperial
44:08
| APM avg | 37.0 |
| APM peak | 77 |
| eAPM avg | 20.2 |
| Villagers / military | 138 / 198 |
Focus
⚔️ 39.5% · 🌾 60.5%
Skirmisher ×43 · Spearman ×41 · Knight ×35 · Militia ×30 · Archer ×21 · Camel Scout ×13
Match map
Initial resources + every placement click. Lines = walls · curves = elevation contours. ◆ gold · ⬟ stone · ● berries · ✦ relic · ◌ wall gap
Your base· ✓ Closed at 21:11 · 0t walls · 3 gate(s)
Transformator's base· ✓ Closed at 25:21 · 7t walls · 3 gate(s)
Smoothed initial terrain · ◌ = detected wall gap · hover for details
Inputs per minute
— mo.plays - - Transformator
Build order — mo.plays
First 150 of 189 actions detected
| 0:02 | Build | House |
| 0:05 | Build | House |
| 0:55 | Create | Villager (Male) |
| 0:56 | Create | Villager (Male) ×3 |
| 2:05 | Create | Villager (Male) |
| 2:32 | Create | Villager (Male) |
| 2:40 | Build | Lumber Camp |
| 2:42 | Create | Villager (Male) |
| 3:27 | Create | Villager (Male) |
| 3:34 | Create | Villager (Male) |
| 4:02 | Build | House |
| 4:03 | Build | House |
| 4:10 | Create | Villager (Male) |
| 4:38 | Create | Villager (Male) |
| 5:09 | Build | Mill |
| 5:18 | Create | Villager (Male) |
| 5:20 | Create | Villager (Male) |
| 6:05 | Create | Villager (Male) |
| 6:06 | Create | Villager (Male) |
| 6:22 | Create | Villager (Male) |
| 6:55 | Create | Villager (Male) |
| 8:18 | Research | Feudal Age |
| 8:33 | Build | House |
| 8:37 | Build | Barracks |
| 9:05 | Create | Villager (Male) |
| 9:05 | Create | Villager (Male) |
| 10:13 | Build | Farm |
| 10:14 | Build | Farm |
| 10:14 | Build | Farm |
| 10:15 | Build | Farm |
| 10:16 | Build | Farm |
| 10:16 | Build | Farm |
| 10:28 | Age | Feudal Age |
| 10:37 | Build | Farm |
| 10:37 | Build | Farm |
| 10:38 | Build | Farm |
| 10:39 | Build | Farm |
| 10:40 | Build | Farm |
| 10:52 | Create | Villager (Male) |
| 11:39 | Create | Villager (Male) |
| 11:39 | Create | Villager (Male) |
| 11:41 | Create | Villager (Male) |
| 11:51 | Build | Stable |
| 12:01 | Build | Blacksmith |
| 12:03 | Create | Spearman |
| 12:04 | Create | Spearman |
| 12:10 | Create | Villager (Male) |
| 12:35 | Build | House |
| 12:36 | Build | House |
| 12:56 | Create | Villager (Male) |
| 12:59 | Research | Double-Bit Axe |
| 13:07 | Build | Mining Camp |
| 13:28 | Build | Mining Camp |
| 13:31 | Create | Villager (Male) |
| 13:32 | Create | Villager (Male) |
| 13:39 | Create | Spearman |
| 13:39 | Create | Spearman |
| 14:46 | Build | Market |
| 14:55 | Create | Spearman |
| 14:55 | Create | Spearman |
| 15:25 | Research | Forging |
| 15:39 | Build | House |
| 15:39 | Build | House |
| 15:55 | Build | Siege Workshop |
| 16:36 | Create | Battering Ram |
| 17:02 | Research | Scale Mail Armor |
| 17:38 | Research | Arson |
| 18:31 | Research | Castle Age |
| 21:05 | Build | Archery Range |
| 21:06 | Build | Archery Range |
| 21:10 | Build | Stable |
| 21:11 | Age | Castle Age |
| 21:11 | Build | Stable |
| 21:19 | Create | Villager (Male) ×5 |
| 21:41 | Build | Castle |
| 21:45 | Build | Palisade Wall |
| 21:49 | Build | Palisade Wall |
| 21:50 | Build | Palisade Wall |
| 21:51 | Build | Palisade Wall |
| 22:31 | Build | Castle |
| 22:34 | Build | Palisade Wall |
| 22:37 | Build | Palisade Wall |
| 22:44 | Build | Palisade Wall |
| 22:46 | Build | Palisade Wall |
| 22:57 | Build | House |
| 23:01 | Build | House |
| 23:06 | Build | House |
| 23:09 | Build | House |
| 23:13 | Build | House |
| 23:16 | Build | House |
| 24:05 | Build | Archery Range |
| 24:07 | Build | Archery Range |
| 24:12 | Create | Villager (Male) ×5 |
| 24:12 | Create | Villager (Male) ×5 |
| 24:58 | Research | Thumb Ring |
| 25:01 | Create | Cavalry Archer ×5 |
| 25:08 | Create | Cavalry Archer |
| 27:31 | Create | Villager (Male) |
| 28:09 | Create | Villager (Male) ×5 |
| 28:42 | Research | Thumb Ring |
| 28:43 | Create | Cavalry Archer ×3 |
| 29:06 | Research | Padded Archer Armor |
| 29:07 | Research | Fletching |
| 30:03 | Create | Cavalry Archer |
| 30:18 | Create | Villager (Male) ×5 |
| 31:07 | Build | Farm |
| 31:28 | Build | Town Center |
| 31:43 | Build | Farm |
| 31:45 | Build | Farm |
| 31:46 | Build | Farm |
| 31:50 | Build | Farm |
| 31:52 | Build | Farm |
| 31:55 | Research | Bow Saw |
| 32:07 | Build | Lumber Camp |
| 32:14 | Build | Farm |
| 32:16 | Build | Farm |
| 32:24 | Research | Gold Mining |
| 32:41 | Create | Villager (Male) |
| 32:43 | Create | Villager (Male) |
| 33:00 | Build | Mining Camp |
| 33:08 | Research | Wheelbarrow |
| 33:12 | Create | Villager (Male) |
| 33:32 | Create | Cavalry Archer ×2 |
| 33:57 | Build | Farm |
| 34:04 | Research | Bodkin Arrow |
| 34:31 | Build | University |
| 34:48 | Create | Villager (Male) ×2 |
| 35:10 | Research | Ballistics |
| 35:23 | Create | Villager (Male) ×3 |
| 36:15 | Build | Castle |
| 36:32 | Build | Farm |
| 36:49 | Research | Masonry |
| 37:56 | Create | Villager (Male) ×2 |
| 38:05 | Build | Farm |
| 38:25 | Build | Stable |
| 38:26 | Build | Stable |
| 38:26 | Build | Stable |
| 38:28 | Build | Stable |
| 38:48 | Build | Town Center |
| 38:50 | Build | Farm |
| 38:51 | Build | Farm |
| 38:51 | Build | Farm |
| 38:52 | Build | Farm |
| 38:53 | Build | Farm |
| 38:53 | Build | Farm |
| 38:54 | Build | Farm |
| 38:54 | Build | Farm |
| 38:55 | Build | Farm |
| 40:27 | Research | Bloodlines |
| 40:33 | Create | Steppe Lancer ×5 |
Build order — Transformator
First 150 of 514 actions detected
| 0:06 | Build | House |
| 0:08 | Build | House |
| 0:17 | Create | Villager (Male) |
| 0:17 | Create | Villager (Male) |
| 0:47 | Create | Villager (Male) |
| 1:08 | Create | Villager (Male) |
| 1:09 | Create | Villager (Male) |
| 1:49 | Create | Villager (Male) |
| 2:02 | Build | Lumber Camp |
| 2:24 | Create | Villager (Male) |
| 2:41 | Create | Villager (Male) |
| 2:41 | Create | Villager (Male) |
| 3:13 | Create | Villager (Male) |
| 3:13 | Create | Villager (Male) |
| 3:43 | Create | Villager (Male) |
| 4:24 | Create | Villager (Male) |
| 4:54 | Create | Villager (Male) |
| 4:57 | Create | Villager (Male) |
| 4:57 | Create | Villager (Male) |
| 5:04 | Build | House |
| 5:27 | Create | Villager (Male) |
| 5:41 | Create | Villager (Male) |
| 6:25 | Create | Villager (Male) |
| 6:27 | Create | Villager (Male) |
| 6:46 | Build | House |
| 6:52 | Create | Villager (Male) |
| 7:13 | Create | Villager (Male) |
| 7:54 | Build | Mill |
| 8:41 | Research | Feudal Age |
| 8:42 | Research | Feudal Age |
| 8:42 | Research | Feudal Age |
| 8:57 | Build | Lumber Camp |
| 9:06 | Create | Villager (Male) |
| 9:07 | Create | Villager (Male) |
| 10:11 | Create | Villager (Male) |
| 10:31 | Build | Farm |
| 10:34 | Build | Farm |
| 10:41 | Build | Farm |
| 10:46 | Create | Villager (Male) |
| 10:51 | Age | Feudal Age |
| 10:56 | Build | Town Center |
| 11:01 | Create | Villager (Male) |
| 11:04 | Research | Loom |
| 11:26 | Research | Double-Bit Axe |
| 11:31 | Research | Horse Collar |
| 12:14 | Build | House |
| 12:18 | Build | House |
| 12:19 | Build | House |
| 12:23 | Create | Villager (Male) |
| 12:34 | Create | Villager (Male) |
| 12:35 | Create | Villager (Male) |
| 12:37 | Create | Villager (Male) |
| 12:49 | Build | Farm |
| 12:56 | Build | Farm |
| 13:13 | Create | Villager (Male) |
| 13:23 | Build | Barracks |
| 13:27 | Build | Blacksmith |
| 13:32 | Create | Villager (Male) |
| 13:51 | Build | House |
| 13:57 | Create | Villager (Male) |
| 13:57 | Create | Villager (Male) |
| 13:57 | Create | Villager (Male) |
| 14:00 | Create | Villager (Male) |
| 14:10 | Build | Farm |
| 14:14 | Build | Farm |
| 14:38 | Create | Villager (Male) |
| 14:46 | Build | Market |
| 14:47 | Create | Villager (Male) |
| 14:52 | Create | Villager (Male) |
| 15:04 | Build | House |
| 15:09 | Create | Spearman |
| 15:10 | Create | Spearman |
| 15:25 | Build | Farm |
| 15:28 | Build | Farm |
| 15:34 | Build | Farm |
| 15:38 | Build | Farm |
| 15:56 | Build | Farm |
| 16:00 | Build | Farm |
| 16:26 | Build | Archery Range |
| 16:29 | Build | Barracks |
| 16:33 | Create | Villager (Male) |
| 16:33 | Create | Villager (Male) |
| 16:33 | Create | Villager (Male) |
| 16:41 | Research | Man-at-Arms (upgrade) |
| 16:54 | Create | Villager (Male) |
| 17:01 | Build | Farm |
| 17:05 | Create | Villager (Male) |
| 17:05 | Create | Villager (Male) |
| 17:09 | Build | Farm |
| 17:10 | Create | Villager (Male) |
| 17:10 | Create | Villager (Male) |
| 17:29 | Build | Mining Camp |
| 17:35 | Create | Skirmisher |
| 17:35 | Create | Skirmisher |
| 17:35 | Create | Skirmisher |
| 17:46 | Create | Militia |
| 17:47 | Create | Militia |
| 17:47 | Create | Militia |
| 17:51 | Create | Villager (Male) |
| 17:51 | Create | Villager (Male) |
| 17:51 | Create | Villager (Male) |
| 18:00 | Build | House |
| 18:02 | Build | House |
| 18:04 | Build | House |
| 18:07 | Create | Villager (Male) |
| 18:07 | Create | Villager (Male) |
| 18:19 | Build | Farm |
| 18:25 | Build | Farm |
| 18:53 | Create | Militia |
| 18:53 | Create | Militia |
| 18:54 | Create | Militia |
| 18:54 | Create | Militia |
| 19:04 | Create | Militia |
| 19:05 | Create | Militia |
| 19:05 | Create | Militia |
| 19:17 | Create | Militia |
| 19:17 | Create | Militia |
| 19:18 | Create | Militia |
| 19:24 | Build | Palisade Wall |
| 19:31 | Create | Militia |
| 19:31 | Create | Militia |
| 19:31 | Create | Militia |
| 19:49 | Create | Villager (Male) |
| 19:50 | Create | Villager (Male) |
| 19:53 | Build | Farm |
| 19:58 | Build | Farm |
| 20:05 | Build | Palisade Gate |
| 20:11 | Create | Militia |
| 20:11 | Create | Militia |
| 20:12 | Create | Spearman |
| 20:12 | Create | Spearman |
| 20:12 | Create | Spearman |
| 20:14 | Create | Archer |
| 20:14 | Create | Archer |
| 20:15 | Create | Archer |
| 20:48 | Create | Villager (Male) |
| 20:49 | Create | Villager (Male) |
| 20:50 | Create | Villager (Male) |
| 20:59 | Build | Farm |
| 21:18 | Create | Villager (Male) |
| 21:18 | Create | Villager (Male) |
| 21:31 | Build | House |
| 21:35 | Build | House |
| 21:37 | Build | House |
| 21:42 | Create | Villager (Male) |
| 21:42 | Create | Villager (Male) |
| 21:43 | Create | Villager (Male) |
| 21:43 | Create | Villager (Male) |
| 21:43 | Create | Villager (Male) |
| 22:27 | Build | Mining Camp |
Match timeline
| 8:37 | mo.plays · first_building Barracks |
| 10:28 | mo.plays · age_up feudal |
| 10:51 | Transformator · age_up feudal |
| 11:51 | mo.plays · first_building Stable |
| 13:23 | Transformator · first_building Barracks |
| 15:55 | mo.plays · first_building Siege Workshop |
| 16:26 | Transformator · first_building Archery Range |
| 19:24 | Transformator · wall_segment Palisade Wall x7 |
| 21:05 | mo.plays · first_building Archery Range |
| 21:11 | mo.plays · age_up castle |
| 21:41 | mo.plays · first_building Castle |
| 21:45 | mo.plays · wall_segment Palisade Wall x1 |
| 21:49 | mo.plays · wall_segment Palisade Wall x1 |
| 21:50 | mo.plays · wall_segment Palisade Wall x1 |
| 21:51 | mo.plays · wall_segment Palisade Wall x1 |
| 22:34 | mo.plays · wall_segment Palisade Wall x1 |
| 22:37 | mo.plays · wall_segment Palisade Wall x1 |
| 22:37 | Transformator · first_market_buy 100 food |
| 22:44 | mo.plays · wall_segment Palisade Wall x1 |
| 22:46 | mo.plays · wall_segment Palisade Wall x1 |
| 25:21 | Transformator · age_up castle |
| 25:52 | Transformator · first_market_sell 100 wood |
| 26:49 | Transformator · first_building Castle |
| 27:53 | mo.plays · first_market_buy 100 stone |
| 28:23 | Transformator · wall_segment Palisade Wall x10 |
| 31:16 | Transformator · wall_segment Palisade Wall x7 |
| 31:29 | Transformator · wall_segment Palisade Wall x14 |
| 32:07 | Transformator · first_building Siege Workshop |
| 37:37 | Transformator · first_building Stable |
| 40:38 | Transformator · wall_segment Palisade Wall x6 |
| 44:08 | Transformator · age_up imperial |
| 47:21 | Transformator · wall_segment Palisade Wall x15 |
| 47:23 | Transformator · wall_segment Palisade Wall x12 |
| 51:32 | mo.plays · wall_segment Palisade Wall x1 |
| 51:34 | mo.plays · wall_segment Palisade Wall x1 |
| 52:44 | mo.plays · resign |
[ AI ANALYSIS · 1 CREDIT ]
What really happened in this match?
Wolo.gg analyzes every decision: build order, eco, micro, common mistakes by bracket. Personalized analysis on WhatsApp or Discord in 30 seconds.
Civ guide
Cumans
Perfil
Jugador #20218871